 Dungeon Crawl Stone Soup version 0.27-a0-277-g024f7ef292 (webtiles) character file.

Game seed: 11944878948739939221

79 Nattfarinn the Stinger (level 4, 0/27 HPs)
             Began as an Octopode Venom Mage on Feb 6, 2021.
             Slain by a bullfrog (6 damage)
             ... on level 6 of the Dungeon.
             The game lasted 00:06:16 (2900 turns).

Nattfarinn the Stinger (Octopode Venom Mage)        Turns: 2900, Time: 00:06:17

Health: 0/27       AC:  1    Str:  7    XL:     4   Next: 38%
Magic:  1/8        EV: 13    Int: 18    God:
Gold:   128        SH:  0    Dex: 12    Spells: 7/8 levels left

rFire    + . .     SeeInvis .   (no weapon)
rCold    x . .     Faith    .   (no shield)
rNeg     . . .     Spirit   .   (helmet restricted)
rPois    .         Reflect  .   a - amulet of inaccuracy (curse)
rElec    .         Harm     .   i - ring of fire
rCorr    .         Rampage  .   (no ring)
Will     .....                  (no ring)
Stlth    +++.......             (no ring)
HPRegen  0.09/turn              (no ring)
MPRegen  0.11/turn              (no ring)
                                (no ring)
                                (no ring)

@: no status effects
A: almost no armour, stealthy swim, amphibious, 8 rings, constrict 8, camouflage
1, gelatinous body 1
a: no special abilities


You were on level 6 of the Dungeon.
You visited 1 branch of the dungeon, and saw 4 of its levels.

You collected 128 gold pieces.

Inventory:

Jewellery
 a - a cursed amulet of inaccuracy (around mantle)
 i - a ring of fire (left tentacle)
Scrolls
 d - a scroll of amnesia
 e - 3 scrolls of teleportation
 f - a scroll of fog
 g - a scroll of enchant weapon
Potions
 b - a potion of curing {unknown}
 c - 2 potions of heal wounds {unknown}
 h - a potion of degeneration {unknown}
 j - a potion of berserk rage {unknown}


   Skills:
 - Level 2.0 Dodging
 - Level 2.6 Stealth
 + Level 2.8 Spellcasting
 - Level 1.0 Transmutations
 * Level 5.4 Poison Magic


You had 7 spell levels left.
You knew the following spells:

 Your Spells              Type           Power        Failure   Level
a - Sting                 Tmut/Pois      56%          4%          1

Your spell library contained the following spells:

 Spells                   Type           Power        Failure   Level
 Poisonous Vapours        Pois/Air       24%          9%          2
 Animate Skeleton         Necr           4%           17%         1
 Apportation              Tloc           4%           17%         1
 Corona                   Hex            2%           17%         1
 Summon Small Mammal      Summ           8%           17%         1
 Olgreb's Toxic Radiance  Pois           22%          17%         4
 Ignite Poison            Fire/Tmut/Pois 15%          21%         3
 Mephitic Cloud           Conj/Pois/Air  9%           24%         3


Dungeon Overview and Level Annotations

Branches:
Dungeon (3/15)

Altars:


Innate Abilities, Weirdness & Mutations

You cannot wear most types of armour.
You are very stealthy in the water. (Stealth+)
You are amphibious.
You can wear up to eight rings at the same time.
You can use your tentacles to constrict eight enemies at once.
Your skin changes colour to match your surroundings (Stealth+).
Your rubbery body absorbs attacks. (AC +1, EV +1)


Message History

The bullfrog completely misses you. The jackal bites you.
The bullfrog barely misses you.
You closely miss the jackal. You grab the jackal.
The jackal is almost dead.
You constrict the jackal, but do no damage.
The jackal bites you. The bullfrog hits you.
* * * LOW HITPOINT WARNING * * *
The jackal misses you.
Unknown command.
Casting: Sting (safe; 4% risk of failure)
Confirm with . or Enter, or press ? or * to list all spells.
Aiming: Sting (safe; 4% risk of failure)
Press: ? - help, Shift-Dir - straight line, f/p - bullfrog
Aim: a bullfrog (moderately wounded, very poisoned, 65% to evade)
The sting hits the bullfrog.
The bullfrog looks even sicker.
The bullfrog is heavily wounded.
You constrict the jackal.
You kill the jackal!
The bullfrog hits you.
You die...

# ###.#
..#.# #?#.
...##
#...#
#†#.######
#@#.......
#.F##PZ...
##....≈≈≈.
####≈≈≈≈≈
≈≈≈. ≈≈≈
.. #


You could see a bullfrog (very poisoned).

Vanquished Creatures
  A gnoll (D:1)
  3 adders (D:2)
  A dart slug (D:2)
  A leopard gecko (D:2)
  2 giant cockroaches
  4 goblins (D:1)
  8 hobgoblins
  A jackal (D:6)
  A quokka (D:2)
  6 bats
  3 frilled lizards
  6 kobolds
  5 rats
42 creatures vanquished.

Notes
Turn   | Place    | Note
-------+----------+-------------------------------------------
     0 | D:1      | Nattfarinn the Octopode Venom Mage began the quest for the
                  | Orb.
     0 | D:1      | Reached XP level 1. HP: 11/11 MP: 3/3
     2 | D:1      | Noticed a gargoyle
     2 | D:1      | Noticed a demigod
     4 | D:1      | Noticed a merfolk
     4 | D:1      | Noticed a naga
     6 | D:1      | Noticed a centaur
     8 | D:1      | Noticed a vine stalker
    10 | D:1      | Noticed a demonspawn
    12 | D:1      | Noticed an elf
    12 | D:1      | Noticed a spriggan
    14 | D:1      | Noticed a troll
    14 | D:1      | Noticed a vampire
    16 | D:1      | Noticed a felid
    18 | D:1      | Noticed a draconian
    18 | D:1      | Noticed a formicid
    20 | D:1      | Noticed an octopode
    20 | D:1      | Noticed a halfling
    22 | D:1      | Noticed a tengu
    22 | D:1      | Noticed a human
    24 | D:1      | Noticed an ogre
    24 | D:1      | Noticed a ghoul
    26 | D:1      | Noticed a dwarf
    26 | D:1      | Noticed a minotaur
   179 | D:1      | Reached skill level 4 in Poison Magic
   201 | D:1      | Reached XP level 2. HP: 17/17 MP: 0/5
  1259 | D:1      | Reached XP level 3. HP: 13/21 MP: 1/6
  1902 | D:2      | Reached skill level 5 in Poison Magic
  2157 | D:2      | Reached XP level 4. HP: 19/27 MP: 4/8
  2889 | D:3      | You fall into a shaft and drop 3 floors!
  2890 | D:6      | Noticed a bullfrog
  2900 | D:6      | Slain by a bullfrog

Illustrated notes

Levels and vault maps discovered:
D:1:      kb_arrival_jail, layout_loops_ring, minmay_pentomino_x4
D:2:      layout_basic, hangedman_glass_teeth, roderic_serpentine_path
D:3:      wad_lake_hut, layout_rooms, nicolae_overflow_hidden_temple
D:6:      layout_rooms, serial_shops, shop, serial_undead, serial_undead_a,
          serial_undead_f, serial_undead_a, serial_undead_f, uniq_duvessa

Skill      XL: |  1  2  3 |
---------------+----------+-----
Poison Magic   | 4 5 |  5.4
Dodging        | |  2.0
Stealth        | |  2.6
Spellcasting   | |  2.8
Transmutations | |  1.0

Action                   |  1- 3 |  4- 6 || total
-------------------------+-------+-------++-------
Melee: Unarmed           |    16 |     4 ||    20
       Constrict         |     5 |     3 ||     8
       Tentacles         |     2 |       ||     2
 Cast: Sting             |    50 |    30 ||    80
  Use: Scroll            |       |     5 ||     5
Armor: Skin              |     3 |     2 ||     5
Dodge: Dodged            |    14 |    21 ||    35

Table legend: (Time is in decaauts)
 A = Elapsed time spent in this place.
 B = Non-inter-level travel time spent in this place.
 C = Inter-level travel time spent in this place.
 D = Time resting spent in this place.
 E = Time spent auto-exploring this place.
 F = Levels seen in this place.
 G = Mean time per level.
                   A        B        C        D        E       F      G
               +--------+--------+--------+--------+--------+-----+--------+
         Total |   2898 |   2795 |    103 |    837 |   1653 |   4 |  724.5 |
       Dungeon |   2898 |   2795 |    103 |    837 |   1653 |   4 |  724.5 |
               +--------+--------+--------+--------+--------+-----+--------+

Top non-repeatable levels by time:
     D:1: 1626 daAuts
     D:2: 1246 daAuts
     D:3: 15 daAuts
     D:6: 10 daAuts
